 Dungeon Crawl Stone Soup version 0.26-a0-812-g31a745ddcd (webtiles) character file.

Game seed: 3754552738909970314

9 kae the Sneak (level 2, 0/15 HPs)
             Began as a Kobold Enchanter on Nov 25, 2020.
             Killed from afar by a dart slug (6 damage)
             ... with a slug dart
             ... on level 1 of the Dungeon.
             The game lasted 00:00:26 (414 turns).

kae the Sneak (Kobold Enchanter)                     Turns: 414, Time: 00:00:27

Health: 0/15       AC:  2    Str:  5    XL:     2   Next: 25%
Magic:  5/5        EV: 15    Int: 16    God:
Gold:   6          SH:  0    Dex: 15    Spells: 2/5 levels left

rFire    . . .     SeeInvis .   a - +1 dagger
rCold    . . .     Faith    .   (shield restricted)
rNeg     . . .     Spirit   .   b - +0 robe
rPois    .         Reflect  .   (no helmet)
rElec    .         Harm     .   (no cloak)
rCorr    .         Rampage  .   (no gloves)
MR       .....                  (no boots)
Stlth    ++++......             (no amulet)
HPRegen  0.05/turn              (no ring)
MPRegen  0.09/turn              (no ring)

@: no status effects
A: small, nightstalker 3
a: no special abilities


You were on level 1 of the Dungeon.
You visited 1 branch of the dungeon, and saw 1 of its levels.

You collected 6 gold pieces.

Inventory:

Hand Weapons
 a - a +1 dagger (weapon)
 e - a +0 dagger of holy wrath
Armour
 b - a +0 robe (worn)
Potions
 c - 2 potions of curing


   Skills:
 * Level 1.9 Short Blades
 + Level 2.5 Dodging
 * Level 4.3 Stealth
 + Level 2.3 Spellcasting
 + Level 3.0 Hexes


You had 2 spell levels left.
You knew the following spells:

 Your Spells              Type           Power        Failure   Level
a - Corona                Hex            ##.....      5%          1
b - Ensorcelled Hibernat  Hex/Ice        #.....       16%         2

Your spell library contained the following spells:

 Spells                   Type           Power        Failure   Level
 Confusing Touch          Hex            ##......     17%         3
 Tukima's Dance           Hex            ##......     17%         3
 Dazzling Flash           Conj/Hex       #.....       32%         3


Dungeon Overview and Level Annotations

Branches:
Dungeon (1/15)

Altars:


Innate Abilities, Weirdness & Mutations

You are small and have problems with some larger weapons.
You are completely attuned to the shadows.


Message History

The bat barely misses you. The bat hits you but does no damage.
The bat stops glowing.
The bat misses you. The bat closely misses you.
The dart slug launches a dart at you. The slug dart hits you.
You are too injured to fight recklessly!
You are too injured to fight recklessly!
The bat closely misses you. The dart slug completely misses you.
You hit the dart slug.
The dart slug is moderately wounded.
The bat hits you but does no damage.
You hit the dart slug.
The dart slug is heavily wounded.
The bat hits you. The bat closely misses you. The dart slug bites you.
You hit the dart slug.
The dart slug is severely wounded.
The bat hits you. The dart slug launches a dart at you. The slug dart hits you.
You die...

#.# #.######### #.#
##.##.##... #.#
#.....##..#####
#.######.##.##......
......
#.##.##...!####.
......
......†.........
.....###.#..#.#.b..#.#
.....# #
#..#.#........ .....#
#......@...... ......
......w....... >.....
....#.#.... ..###.
........## ..##..
.##...... ......
#.##.. #..... ......


You could see a dart slug and a bat.

Vanquished Creatures
  A giant cockroach (D:1)
  5 goblins (D:1)
  A kobold (D:1)
  2 rats (D:1)
9 creatures vanquished.

Notes
Turn   | Place    | Note
-------+----------+-------------------------------------------
     0 | D:1      | kae the Kobold Enchanter began the quest for the Orb.
     0 | D:1      | Reached XP level 1. HP: 10/10 MP: 3/3
   203 | D:1      | Reached XP level 2. HP: 13/15 MP: 5/5
   207 | D:1      | Learned a level 2 spell: Ensorcelled Hibernation
   414 | D:1      | Killed from afar by a dart slug

Illustrated notes

Levels and vault maps discovered:
D:1:      dpeg_arrival_prison, layout_basic

Action                   || total
-------------------------++-------
Melee: Dagger            ||    21
 Cast: Corona            ||     3
  Use: Scroll            ||     2
 Stab: Sleeping          ||     5
Armor: Robe              ||     4
Dodge: Dodged            ||    12

Table legend: (Time is in decaauts)
 A = Elapsed time spent in this place.
 B = Non-inter-level travel time spent in this place.
 C = Inter-level travel time spent in this place.
 D = Time resting spent in this place.
 E = Time spent auto-exploring this place.
 F = Levels seen in this place.
 G = Mean time per level.
                   A        B        C        D        E       F      G
               +--------+--------+--------+--------+--------+-----+--------+
         Total |    412 |    412 |      0 |      0 |    346 |   1 |  412.0 |
       Dungeon |    412 |    412 |      0 |      0 |    346 |   1 |  412.0 |
               +--------+--------+--------+--------+--------+-----+--------+

Top non-repeatable levels by time:
     D:1: 412 daAuts
